AoeStats
← DaddyDabes

Four Lakes

509386793Analyzed
1v1 RM · 6d ago on Sep 26, 2026· 38m 8s· 2 players
Game mode
Random Map
Map size
Tiny (2 player)
Population
200
Speed
Normal
Resources
Standard
Victory
Conquest
Starting age
Dark Age
Ending age
Imperial Age
RankedLock teamsTeams togetherTeam positionsShared explorationLock speedFull tech treeHidden civsTurbo modeCheats
Victory
Defeat
🇨🇦 Japanese · Canada
1130
+15
🇦🇷 Varangians · Argentina
1110
-15
gznacho
5:00 Loom
10:33 Feudal Age
11:11 Double-Bit Axe
15:46 Bloodlines
19:09 Forging
22:24 Castle Age
21:39 Scale Mail Armor
21:46 Scale Barding Armor
21:34 Horse Collar
23:22 Heavy Plow
28:31 Chain Barding Armor
28:34 Husbandry
32:04 Imperial Age
30:09 Loom
31:19 Iron Casting
30:51 Town Watch
32:56 Cavalier
34:29 Wheelbarrow
34:59 Town Patrol
37:28 Hand Cart
DaddyDabes
3:05 Loom
11:00 Feudal Age
12:28 Double-Bit Axe
12:27 Man-at-Arms
14:32 Fishing Lines
18:53 Castle Age
19:04 Forging
19:41 Fletching
19:52 Padded Archer Armor
19:59 Thumb Ring
19:50 Gold Mining
22:04 Iron Casting
21:57 Bow Saw
21:50 Bodkin Arrow
24:02 Leather Archer Armor
26:32 Wheelbarrow
26:26 Gillnets
28:00 Light Cavalry
28:40 Husbandry
28:54 Bloodlines
29:07 Redemption
29:46 Ballistics
30:42 Hand Cart
35:22 Imperial Age
34:51 Scale Mail Armor
35:40 Gold Shaft Mining
34:58 Stone Mining
35:32 Town Watch
36:08 Bracer
37:12 Chemistry
35:38 Heavy Cavalry Archer
36:21 Murder Holes
37:49 Kataparuto
Connection lost

Rejoining the realm…

Still unreachable

The connection could not be restored.

Session expired

The server has moved on; the page needs a fresh start.